 Dungeon Crawl Stone Soup version 0.31.0-11-ge490571c62 (webtiles) character file.

Game seed: 9025753662952038480

43 CougarLife the Chopper (level 3, -2/33 HPs)
             Began as a Minotaur Berserker on Jan 30, 2024.
             Was a Follower of Trog.
             Slain by a gnoll
             ... wielding a +0 spear
              (4 damage)
             ... on level 2 of the Dungeon.
             The game lasted 00:00:32 (841 turns).

CougarLife the Chopper (Minotaur Berserker)          Turns: 841, Time: 00:00:33

Health: -2/33      AC:  2    Str: 23    XL:     3   Next: 37%
Magic:  2/2        EV: 12    Int:  4    God:    Trog [*.....]
Gold:   91         SH:  0    Dex:  9    Spells: 2/2 levels left

rFire   . . .        a - +0 hand axe
rCold   . . .        (no shield)
rNeg    . . .        b - +0 animal skin
rPois   .            (helmet restricted)
rElec   .            (no cloak)
rCorr   .            (no gloves)
SInv    .            (no boots)
Will    .....        (no amulet)
Stlth   +            (no ring)
HPRegen 0.25/turn    (no ring)
MPRegen 0.08/turn

%: no passive effects
@: no status effects
A: horns 2, retaliatory headbutt
a: Renounce Religion, Berserk


You were on level 2 of the Dungeon.
You worshipped Trog.
Trog was aware of your devotion.
You visited 1 branch of the dungeon, and saw 2 of its levels.

You collected 91 gold pieces.

Inventory:

Hand Weapons
 a - a +0 hand axe (weapon)
Missiles
 f - 5 poisoned darts (quivered)
Armour
 b - a +0 animal skin (worn)
Jewellery
 h - a ring of positive energy
Scrolls
 e - 3 scrolls of identify {unknown}
Potions
 c - 4 potions of curing {unknown}
 d - 2 potions of magic {unknown}
 g - a potion of cancellation {unknown}


   Skills:
 + Level 4.3 Fighting
 * Level 4.9 Axes
 - Level 2.4 Armour
 - Level 2.1 Dodging


You had 2 spell levels left.
You didn't know any spells.
Your spell library was empty.

Dungeon Overview and Level Annotations

Branches:
Dungeon (2/15)

Altars:


Innate Abilities, Weirdness & Mutations

You have a pair of horns on your head.
You reflexively headbutt those who attack you in melee.


Message History

The gnoll shouts! x2
There are monsters nearby!
There are monsters nearby!
You barely miss the gnoll. You headbutt the gnoll!
The gnoll is severely wounded.
You hit the gnoll. The gnoll hits you with a +0 spear.
The gnoll hits you with a +0 whip! The gnoll closely misses you.
You hit the gnoll.
The gnoll is almost dead.
You barely miss the gnoll. x2; The gnoll misses you. x2
You furiously retaliate!
You headbutt the gnoll, but do no damage.
The gnoll hits you with a +0 whip. The gnoll barely misses you.
You closely miss the gnoll. You headbutt the gnoll.
You kill the gnoll!
Trog accepts your kill.
You barely miss the gnoll. You hit the gnoll.
The gnoll hits you with a +0 spear. The gnoll hits you with a +0 whip.
The gnoll misses you.
You have reached level 3!
Your experience leads to an increase in your attributes!
Increase (S)trength, (I)ntelligence, or (D)exterity?
You feel stronger. x2
You fail to use your ability.
The gnoll hits you with a +0 spear. The gnoll hits you with a +0 whip.
* * * LOW HITPOINT WARNING * * *
The gnoll barely misses you.
You barely miss the gnoll.
The gnoll is heavily wounded.
You barely miss the gnoll. The gnoll hits you with a +0 spear.
* * * LOW HITPOINT WARNING * * *
The gnoll closely misses you. The gnoll barely misses you.
You hit the gnoll. You headbutt the gnoll.
You kill the gnoll!
Trog accepts your kill.
You hit the gnoll but do no damage. The gnoll barely misses you.
The gnoll hits you from afar with a +0 spear.
* * * LOW HITPOINT WARNING * * *
The gnoll hits you but does no damage. The gnoll hits you with a +0 spear.
You die...

#...).# #..#.......#
#.....####..........#
#....).....###......#
#.....#.##.# #......#
#.....#.##.###......#
#.....#+###.........#
#........##...#####.#
#......).##...#####.###
####.g@..''.....)......
#...g.##...#####.###
#.....##... #+#
#...$.##. . #.....#
#.....# #.....# #.....#


You could see 2 gnolls.

Vanquished Creatures
  2 gnolls (D:2)
  2 dart slugs (D:1)
  2 bats (D:1)
  A giant cockroach (D:1)
  3 goblins
  2 hobgoblins (D:1)
  2 kobolds
  3 frilled lizards (D:1)
  3 rats (D:1)
20 creatures vanquished.

Notes
Turn   | Place    | Note
-------+----------+-------------------------------------------
     0 | D:1      | CougarLife the Minotaur Berserker began the quest for the
                  | Orb.
     0 | D:1      | Reached XP level 1. HP: 19/19 MP: 0/0
   223 | D:1      | Reached XP level 2. HP: 25/27 MP: 1/1
   838 | D:2      | Reached XP level 3. HP: 13/33 MP: 2/2
   841 | D:2      | Slain by a gnoll

Illustrated notes

Levels and vault maps discovered:
D:1:      dpeg_arrival_court, layout_loops_ring
D:2:      minmay_chambers_of_twos, layout_basic, basic_altar

Skill      XL: |  1  2 |
---------------+-------+-----
Axes           | 4 |  4.9
Fighting       | 4 |  4.3
Armour         | |  2.4
Dodging        | |  2.1

Action                     || total
---------------------------++-------
  Melee: Hand axe          ||    33
         Headbutt          ||     8
 Armour: Animal skin       ||    25
  Dodge: Dodged            ||    26
